[Event "Titled Tuesday Blitz August 1 Early 2023"]
[White "Smietanska, Wiktoria"]
[Black "Wisniowski, Natalie"]
[WhiteFideId "21869359"]
[BlackFideId "30929261"]
[WhiteElo "2246"]
[BlackElo "2033"]
[Result "1-0"]
[Round "5"]
[TimeControl "180+1"]
[Date "2023.08.01"]
[WhiteClock "0:00:03"]
[BlackClock "0:00:00"]
[Board "238"]

1. c4 Nf6 2. Nc3 g6 3. g3 Bg7 4. Bg2 O-O 5. e4 d6 6. Nge2 e5 7. O-O Be6 8. d3 Nbd7 9. f4 Bg4 10. h3 Bxe2 11. Qxe2 Nc5 12. Be3 Ne6 13. Qf2 Nd7 14. f5 Nec5 15. Rad1 c6 16. g4 gxf5 17. gxf5 Qf6 18. h4 Bh6 19. Qg3+ Kh8 20. Bg5 Qg7 21. f6 Qg6 22. b4 Ne6 23. Rf5 Nd4 24. Rf2 Rg8 25. Bh3 Nf8 26. Bf5 Nxf5 27. exf5 Qh5 28. Rg2 Nd7 29. Qe3 Bxg5 30. hxg5 Rae8 31. Rf1 Ref8 32. Rf3 Rxg5 33. Rxg5 1-0


[Site "https://www.chess.com"]

[Event "Titled Tuesday Blitz August 1 Early 2023"]
[White "Carlsen, Magnus"]
[Black "Kamsky, Gata"]
[WhiteFideId "1503014"]
[BlackFideId "2000024"]
[WhiteElo "3250"]
[BlackElo "2990"]
[Result "1-0"]
[Round "6"]
[TimeControl "180+1"]
[Date "2023.08.01"]
[WhiteClock "0:00:47"]
[BlackClock "0:00:00"]
[Board "1"]

1. d4 d5 2. Nf3 Nf6 3. e3 c6 4. c4 g6 5. Nc3 Bg7 6. Be2 O-O 7. O-O a6 8. h3 c5 9. cxd5 Nxd5 10. e4 Nxc3 11. bxc3 cxd4 12. cxd4 Nc6 13. Be3 e6 14. Rc1 Qa5 15. d5 exd5 16. exd5 Ne5 17. d6 Be6 18. Nxe5 Qxe5 19. Rc5 Qb2 20. Bf3 Rad8 21. Qd3 b5 22. Rd1 Qxa2 23. Bg5 f6 24. Be3 f5 25. Bg5 Bf6 26. Bxf6 Rxf6 27. Qd4 Rf7 28. Qe5 Bb3 29. Rdc1 Qd2 30. Rc8 Rd7 31. R1c7 Rxc8 32. Rxc8+ 1-0


[Site "https://www.chess.com"]

[Event "Titled Tuesday Blitz August 1 Early 2023"]
[White "Aronian, Levon"]
[Black "Baskakov, Egor"]
[WhiteFideId "13300474"]
[BlackFideId "24197866"]
[WhiteElo "3091"]
[BlackElo "2932"]
[Result "1/2-1/2"]
[Round "6"]
[TimeControl "180+1"]
[Date "2023.08.01"]
[WhiteClock "0:00:10"]
[BlackClock "0:00:10"]
[Board "2"]

1. e4 c5 2. Nf3 Nf6 3. Nc3 d5 4. exd5 Nxd5 5. Bb5+ Bd7 6. Ne5 e6 7. Qf3 Qf6 8. Nxd7 Nxd7 9. Qxf6 Nxf6 10. a4 O-O-O 11. O-O Nd5 12. Nxd5 exd5 13. Be2 g6 14. c3 Bg7 15. f4 f5 16. Bf3 d4 17. a5 Rhe8 18. Ra4 Kc7 19. g3 Nf6 20. Rc4 b6 21. axb6+ axb6 22. Ra4 Rd7 23. Ra7+ Kd6 24. Ra6 Kc7 25. cxd4 cxd4 26. d3 Ng4 27. Bd2 Rb8 28. Rc1+ Kd8 29. Rc6 Bf8 30. Rcxb6 Rxb6 31. Rxb6 Bd6 32. Rb7 Ne3 33. Rxd7+ Kxd7 34. Kf2 Ng4+ 35. Kg2 Ne3+ 36. Kg1 Bc5 37. Ba5 Kd6 38. b4 Ba7 39. Kf2 Nd5 40. Ke2 h6 41. Kd2 g5 42. fxg5 hxg5 43. Kc2 g4 44. Be2 Ne3+ 45. Kb3 Bb8 46. Bb6 Kd5 47. Bd8 f4 48. gxf4 Bxf4 49. Bh4 Bxh2 50. Bf2 g3 51. Bf3+ Ke5 52. Bxe3 dxe3 53. Kc2 Kf4 54. Bg2 Bg1 55. Kd1 Bf2 56. Ke2 Ke5 57. b5 Kd6 58. b6 Kd7 59. d4 Kd6 60. Bf3 g2 61. Bxg2 Bg1 62. d5 Kd7 63. b7 Bh2 64. Kxe3 Bb8 65. Kd4 Kd6 66. Kc4 Kc7 67. Kb5 Kxb7 68. d6+ Kc8 69. Kc6 Kd8 70. d7 Bg3 71. Bd5 Bf4 72. Be6 Bg5 73. Bd5 Bh4 74. Be6 Bg3 75. Bd5 Bh2 76. Be6 Bg3 77. Bd5 1/2-1/2


[Site "https://www.chess.com"]

[Event "Titled Tuesday Blitz August 1 Early 2023"]
[White "Andreikin, Dmitry"]
[Black "Demidov, Mikhail"]
[WhiteFideId "4158814"]
[BlackFideId "4197143"]
[WhiteElo "3051"]
[BlackElo "2931"]
[Result "1-0"]
[Round "6"]
[TimeControl "180+1"]
[Date "2023.08.01"]
[WhiteClock "0:00:13"]
[BlackClock "0:00:04"]
[Board "3"]

1. d4 g6 2. e4 Bg7 3. Nf3 d6 4. c3 Nf6 5. Bd3 O-O 6. O-O Nc6 7. h3 e5 8. Re1 Re8 9. Nbd2 d5 10. dxe5 Nxe4 11. Nxe4 dxe4 12. Bxe4 Qxd1 13. Rxd1 Nxe5 14. Bf4 Nxf3+ 15. Bxf3 c6 16. a4 Be6 17. a5 a6 18. Bc7 Rac8 19. Bb6 h5 20. h4 Bf6 21. g3 Bf5 22. Rd2 Kg7 23. Rad1 Re5 24. b4 Rce8 25. Kg2 Re1 26. Bd4 Rxd1 27. Rxd1 Bxd4 28. Rxd4 Kf6 29. Rd6+ Ke7 30. Rd2 Kf6 31. Rd6+ Ke7 32. Rd1 Kf6 33. Kg1 Bh3 34. c4 Be6 35. Rd4 Ke5 36. Re4+ Kf6 37. Rf4+ Ke7 38. b5 Kd6 39. bxa6 bxa6 40. Re4 Kc5 41. Re5+ Kb4 42. Bxc6 Rc8 43. Bb7 Rc5 44. Rxc5 Kxc5 45. Bxa6 Kb4 46. Kg2 Kxa5 47. Bb5 Kb4 48. Kf3 Kc5 49. Kf4 f6 50. Be8 Bf5 51. Bf7 Bd3 52. Ke3 Bf5 53. f3 Bc2 54. g4 hxg4 55. fxg4 Kd6 56. h5 gxh5 57. gxh5 Ke7 58. Bg6 Bb3 59. c5 Bd5 60. h6 Kf8 61. Be4 Be6 62. c6 f5 63. Bd3 Kf7 64. Kf4 Kg6 65. c7 Bc8 66. h7 Kg7 67. Bxf5 Bb7 68. Ke5 Kh8 69. Kf6 Ba6 70. Ke7 Bb7 71. Kd6 Kg7 72. Kc5 Ba6 73. Kb6 Bc8 74. Bxc8 1-0


[Site "https://www.chess.com"]

[Event "Titled Tuesday Blitz August 1 Early 2023"]
[White "Kovalenko, Igor"]
[Black "Makarian, Rudik"]
[WhiteFideId "14117908"]
[BlackFideId "44105681"]
[WhiteElo "2860"]
[BlackElo "3023"]
[Result "1/2-1/2"]
[Round "6"]
[TimeControl "180+1"]
[Date "2023.08.01"]
[WhiteClock "0:00:21"]
[BlackClock "0:00:11"]
[Board "4"]

1. c4 e6 2. Nc3 d5 3. d4 Nf6 4. Nf3 c6 5. Bg5 Nbd7 6. e3 h6 7. Bh4 Be7 8. Qc2 O-O 9. Rd1 a5 10. a3 Re8 11. h3 dxc4 12. Bxc4 Nd5 13. Bg3 Nxc3 14. Qxc3 b5 15. Bd3 Bb7 16. O-O Qb6 17. b4 axb4 18. axb4 Ra4 19. Rb1 Rea8 20. Rb3 Qd8 21. Bc2 Ra2 22. Rfb1 Nb6 23. Qd3 f5 24. e4 c5 25. dxc5 fxe4 26. Qxd8+ Rxd8 27. Ne1 Nc4 28. Bf4 Bf6 29. Rc1 g5 30. Be3 Kg7 31. Bb1 Re2 32. Kf1 Rxe3 33. Rxe3 Nxe3+ 34. fxe3 Bc6 35. Ke2 Ra8 36. Nc2 Bd5 37. Kf2 Bb2 38. Rd1 Bc3 39. Kg3 Kf6 40. Rf1+ Ke7 41. Rd1 h5 42. h4 Be5+ 43. Kf2 gxh4 44. Nd4 Ra4 45. Nxb5 Rxb4 46. Nd4 Rc4 47. c6 Bxd4 48. Rxd4 Rxd4 49. exd4 Kd6 50. Ke3 Kxc6 51. Bxe4 Kd6 52. Bf3 Bxf3 53. Kxf3 Kd5 54. Ke3 Kc4 55. Ke4 Kc3 56. Ke3 Kc2 57. Ke2 Kc3 58. Ke3 Kc4 59. Ke4 Kc3 60. Ke3 1/2-1/2


[Site "https://www.chess.com"]

[Event "Titled Tuesday Blitz August 1 Early 2023"]
[White "Firouzja, Alireza"]
[Black "Zhigalko, Sergei"]
[WhiteFideId "12573981"]
[BlackFideId "13502956"]
[WhiteElo "3082"]
[BlackElo "2887"]
[Result "0-1"]
[Round "6"]
[TimeControl "180+1"]
[Date "2023.08.01"]
[WhiteClock "0:00:00"]
[BlackClock "0:00:02"]
[Board "5"]

1. d4 Nf6 2. Bg5 d5 3. e3 e6 4. Nd2 Be7 5. Bd3 O-O 6. f4 b6 7. Qe2 a5 8. Ngf3 Ba6 9. Ne5 Bxd3 10. cxd3 c5 11. O-O Nfd7 12. Bxe7 Qxe7 13. dxc5 bxc5 14. Rac1 Nxe5 15. fxe5 Nd7 16. Nf3 a4 17. d4 Rab8 18. Rc3 Rb4 19. b3 axb3 20. axb3 Rfb8 21. Qc2 cxd4 22. exd4 R4b7 23. h4 h6 24. Kh2 Nf8 25. Qd3 Qa3 26. Rb1 Qb4 27. Kg3 Ng6 28. h5 Ne7 29. Nh4 Qb6 30. Rbc1 Qd8 31. Kh3 Rb4 32. g3 Qb6 33. Rc7 Rxb3 34. Qd1 Qb4 35. Rd7 Nf5 36. Nxf5 exf5 37. e6 f4 38. exf7+ Kh8 39. Rdc7 Rxg3+ 40. Kh2 Rf8 41. Rc8 Qe7 42. Rxf8+ Qxf8 43. Rc7 Qd8 44. Rc8 Qxc8 45. Qe2 Re3 46. Qg4 Qxg4 0-1


[Site "https://www.chess.com"]

[Event "Titled Tuesday Blitz August 1 Early 2023"]
[White "Pranesh M"]
[Black "Krzyzanowski, Marcin"]
[WhiteFideId "35028600"]
[BlackFideId "1132199"]
[WhiteElo "3069"]
[BlackElo "2802"]
[Result "1-0"]
[Round "6"]
[TimeControl "180+1"]
[Date "2023.08.01"]
[WhiteClock "0:00:15"]
[BlackClock "0:00:04"]
[Board "6"]

1. e4 c5 2. Nf3 d6 3. d4 cxd4 4. Nxd4 Nf6 5. Nc3 a6 6. Bd3 g6 7. f3 Qb6 8. Be2 Nc6 9. Nb3 Bg7 10. Bg5 Be6 11. Qd2 O-O 12. Bh6 Rfc8 13. h4 Bxb3 14. axb3 Qd4 15. Bxg7 Qxd2+ 16. Kxd2 Kxg7 17. g4 h5 18. g5 Nd7 19. f4 e6 20. Raf1 b5 21. f5 Nd4 22. Bd3 Ne5 23. Ke3 Ndc6 24. Ne2 Nb4 25. fxe6 fxe6 26. Nd4 Re8 27. Kd2 Nbc6 28. c3 Nxd4 29. cxd4 Ng4 30. Be2 Rf8 31. Rxf8 Rxf8 32. Ra1 Rf4 33. Rxa6 Rxe4 34. Rxd6 Nh2 35. Kd3 Rxh4 36. Rxe6 Rh3+ 37. Kc2 Nf3 38. Bxf3 Rxf3 39. d5 Rf5 40. d6 Rxg5 41. Kd3 Rd5+ 42. Ke4 Rd1 43. Ke5 h4 44. Re7+ Kh6 45. Ke6 h3 46. Re8 Re1+ 47. Kf7 Rxe8 48. Kxe8 h2 49. d7 h1=Q 50. d8=Q Qe4+ 51. Kf7 Qf5+ 52. Kg8 Qe6+ 53. Kf8 Qxb3 54. Qh4# 1-0


[Site "https://www.chess.com"]

[Event "Titled Tuesday Blitz August 1 Early 2023"]
[White "Bok, Benjamin"]
[Black "Ohanyan, Emin"]
[WhiteFideId "1017063"]
[BlackFideId "13312022"]
[WhiteElo "2960"]
[BlackElo "2820"]
[Result "1-0"]
[Round "6"]
[TimeControl "180+1"]
[Date "2023.08.01"]
[WhiteClock "0:00:12"]
[BlackClock "0:00:00"]
[Board "7"]

1. d4 Nf6 2. c4 e6 3. Nc3 Bb4 4. Qc2 d5 5. a3 Bxc3+ 6. Qxc3 O-O 7. Bg5 c5 8. dxc5 d4 9. Qf3 Nbd7 10. e3 h6 11. Bxf6 Nxf6 12. O-O-O e5 13. Ne2 Bg4 14. Qg3 d3 15. f3 Rc8 16. Nc3 e4 17. fxg4 Rxc5 18. h4 Rxc4 19. g5 Rxc3+ 20. bxc3 Qa5 21. Kd2 Rc8 22. Rc1 Nd7 23. gxh6 g6 24. Qd6 Qf5 25. Bxd3 exd3 26. Rhf1 Qg4 27. h7+ Kh8 28. Qd4+ Qxd4 29. cxd4 1-0


[Site "https://www.chess.com"]

[Event "Titled Tuesday Blitz August 1 Early 2023"]
[White "Terry, Renato"]
[Black "Khachiyan, Melikset"]
[WhiteFideId "3803457"]
[BlackFideId "13300512"]
[WhiteElo "2951"]
[BlackElo "2723"]
[Result "0-1"]
[Round "6"]
[TimeControl "180+1"]
[Date "2023.08.01"]
[WhiteClock "0:00:02"]
[BlackClock "0:00:23"]
[Board "8"]

1. d4 d5 2. Bg5 h6 3. Bh4 c6 4. e3 Qb6 5. b3 e5 6. Nf3 e4 7. Nfd2 Be7 8. Bg3 Be6 9. c4 Nd7 10. Nc3 f5 11. Qh5+ Kf8 12. Qd1 Ngf6 13. h4 g6 14. a3 Kf7 15. b4 g5 16. Be2 Rag8 17. c5 Qd8 18. Qb3 a6 19. a4 gxh4 20. Rxh4 Ng4 21. Rh3 h5 22. b5 h4 23. Bf4 Bg5 24. Bd6 Be7 25. bxc6 bxc6 26. Bxe7 Qxe7 27. Qb7 Qg5 28. Bxg4 fxg4 29. Rh1 g3 30. Rf1 h3 31. fxg3+ Ke7 32. O-O-O Qxe3 33. Kc2 Qd3+ 34. Kb2 Rb8 35. Qxb8 Rxb8+ 36. Nb3 hxg2 37. Rg1 Qc4 0-1


[Site "https://www.chess.com"]

[Event "Titled Tuesday Blitz August 1 Early 2023"]
[White "Koellner, Ruben Gideon"]
[Black "JeRoma71"]
[WhiteFideId "12993093"]
[WhiteElo "2720"]
[BlackElo "2895"]
[Result "1-0"]
[Round "6"]
[TimeControl "180+1"]
[Date "2023.08.01"]
[WhiteClock "0:00:14"]
[BlackClock "0:00:00"]
[Board "9"]

1. d4 g6 2. Nf3 Bg7 3. Nbd2 d5 4. e3 Nf6 5. b4 O-O 6. c4 Bg4 7. Bb2 e6 8. Be2 Nbd7 9. h3 Bxf3 10. Nxf3 c6 11. O-O Ne4 12. a4 a6 13. Qc2 h5 14. b5 axb5 15. axb5 Qf6 16. cxd5 exd5 17. bxc6 bxc6 18. Bd3 Rxa1 19. Rxa1 Rb8 20. Ra6 Rb6 21. Rxb6 Nxb6 22. Bxe4 dxe4 23. Qxe4 c5 24. Qe8+ Bf8 25. Ba3 Kg7 26. Bxc5 Bxc5 27. dxc5 Nc4 28. Qe4 Qc3 29. Qd4+ Qxd4 30. exd4 Kf6 31. Kf1 Ke6 32. Ke2 Kd5 33. Kd3 Nb2+ 34. Kc2 Nc4 35. Kc3 f6 36. Nd2 Na3 37. Nb3 g5 38. Kb4 Nc2+ 39. Kb5 Na3+ 40. Kb6 Nc4+ 41. Kc7 Na3 42. Kd7 Kc4 43. c6 Nb5 44. c7 Na7 45. c8=Q+ Nxc8 46. Kxc8 f5 47. Kd7 f4 48. f3 Kd3 49. d5 Ke2 50. Ke6 g4 51. hxg4 hxg4 52. fxg4 Kf2 53. Nd4 Kxg2 54. g5 Kg3 55. g6 f3 56. Nxf3 Kxf3 57. g7 1-0


[Site "https://www.chess.com"]

[Event "Titled Tuesday Blitz August 1 Early 2023"]
[White "Naroditsky, Daniel"]
[Black "Tristan, Leonardo"]
[WhiteFideId "2026961"]
[BlackFideId "113816"]
[WhiteElo "3102"]
[BlackElo "2787"]
[Result "0-1"]
[Round "6"]
[TimeControl "180+1"]
[Date "2023.08.01"]
[WhiteClock "0:00:51"]
[BlackClock "0:00:16"]
[Board "10"]

1. e4 d5 2. exd5 Qxd5 3. Nc3 Qa5 4. Nf3 Nf6 5. Bc4 Nc6 6. d3 Bg4 7. Bd2 Qh5 8. h3 Nd4 9. Nxd4 Bxd1 10. Rxd1 e6 11. O-O a6 12. Rfe1 O-O-O 13. Nf3 Bd6 14. d4 Nd5 15. Ne4 Bf4 16. c3 Bxd2 17. Rxd2 Rhe8 18. Ne5 f6 19. Ng3 Qh6 20. Nf3 Nf4 21. Rdd1 Qg6 22. Re4 e5 23. Rde1 exd4 24. Rxf4 Rxe1+ 25. Nxe1 Qb1 26. Re4 d3 27. Bxd3 Rxd3 28. Re8+ Rd8 29. Re2 Rd1 30. Kf1 Qxa2 31. Nf5 g6 32. Nd4 c5 33. Ne6 b6 34. Nf4 Qc4 35. g3 Rb1 36. Nd3 Rd1 37. Nf4 g5 38. b3 Qxb3 39. Nh5 Qc4 40. g4 Rd2 41. Ng3 Rxe2 42. Nxe2 a5 43. Nc2 a4 44. Ne3 Qd3 45. Ke1 a3 0-1


[Site "https://www.chess.com"]

[Event "Titled Tuesday Blitz August 1 Early 2023"]
[White "Sarana, Alexey"]
[Black "Remizov, Yaroslav"]
[WhiteFideId "24133795"]
[BlackFideId "34134015"]
[WhiteElo "3096"]
[BlackElo "2782"]
[Result "1/2-1/2"]
[Round "6"]
[TimeControl "180+1"]
[Date "2023.08.01"]
[WhiteClock "0:00:03"]
[BlackClock "0:00:03"]
[Board "11"]

1. c4 e5 2. Nc3 Bb4 3. Nd5 Be7 4. d4 exd4 5. Qxd4 Nf6 6. Nxe7 Qxe7 7. Bg5 Nc6 8. Qc3 d5 9. Bxf6 gxf6 10. cxd5 Nb4 11. Nf3 Nxd5 12. Qb3 Be6 13. Nd4 O-O-O 14. Nxe6 fxe6 15. e3 Qb4+ 16. Qxb4 Nxb4 17. Rc1 Nxa2 18. Ra1 Nb4 19. Rxa7 Nc2+ 20. Ke2 c5 21. g4 Kb8 22. Ra5 b6 23. Ra4 Rd6 24. Bg2 Rhd8 25. Ra8+ Kc7 26. Ra7+ Kb8 27. Rxh7 Nb4 28. Ra1 Rd2+ 29. Kf3 Rxb2 30. Kg3 Nd5 31. Rha7 Rc8 32. Bf1 Rc7 33. Ra8+ Kb7 34. Re8 Re7 35. Rd8 f5 36. h4 fxg4 37. h5 Rf7 38. Bg2 Rbxf2 39. h6 R2f6 40. Rh1 Kc7 41. Rh8 Nxe3 42. Be4 Nf5+ 43. Kxg4 Rg6+ 44. Kh5 Rg3 45. Bxf5 Rxf5+ 46. Kh4 Rg6 47. Rh7+ Kc6 48. Re1 Kb5 49. Rh8 Rf2 50. Kh3 Rff6 51. h7 Rh6+ 52. Kg4 Rf7 53. Rb1+ Kc4 54. Rc1+ Kb5 55. Rb1+ Kc4 56. Rc1+ Kb5 57. Rb1+ 1/2-1/2


[Site "https://www.chess.com"]

[Event "Titled Tuesday Blitz August 1 Early 2023"]
[White "Bortnyk, Olexandr"]
[Black "Wagh Suyog"]
[WhiteFideId "14120828"]
[BlackFideId "25071688"]
[WhiteElo "3068"]
[BlackElo "2782"]
[Result "1-0"]
[Round "6"]
[TimeControl "180+1"]
[Date "2023.08.01"]
[WhiteClock "0:00:17"]
[BlackClock "0:00:04"]
[Board "12"]

1. d4 Nf6 2. Nc3 d5 3. Bf4 c5 4. e4 Nxe4 5. Nxe4 dxe4 6. dxc5 Qa5+ 7. c3 Qxc5 8. Qa4+ Nc6 9. Qxe4 g6 10. Nf3 Bg7 11. Rd1 O-O 12. Be3 Qa5 13. Bc4 Qc7 14. Qh4 Na5 15. Bd5 e6 16. Be4 Nc4 17. Bc1 a5 18. O-O a4 19. Ng5 h6 20. Nf3 Ra5 21. Rfe1 Rc5 22. Nd4 Rh5 23. Qg3 Be5 24. f4 Bg7 25. b3 axb3 26. axb3 Nb6 27. c4 Nd7 28. Bxg6 fxg6 29. Nxe6 Qb6+ 30. Kh1 Rf6 31. Nxg7 Kxg7 32. Bb2 Kf7 33. Bd4 Qc6 34. Bxf6 Nxf6 35. Kg1 Ng4 36. h3 Qc5+ 37. Kf1 Nf6 38. Qe3 Qc7 39. Kg1 Rf5 40. Rd4 b6 41. b4 h5 42. g4 hxg4 43. hxg4 Bb7 44. gxf5 Qc6 45. Qe6+ 1-0


[Site "https://www.chess.com"]

[Event "Titled Tuesday Blitz August 1 Early 2023"]
[White "Lamaze, Simon"]
[Black "Martinez Alcantara, Jose Eduardo"]
[WhiteFideId "36069264"]
[BlackFideId "3805662"]
[WhiteElo "2779"]
[BlackElo "3009"]
[Result "1-0"]
[Round "6"]
[TimeControl "180+1"]
[Date "2023.08.01"]
[WhiteClock "0:00:10"]
[BlackClock "0:00:00"]
[Board "13"]

1. c4 c5 2. Nf3 Nc6 3. Nc3 g6 4. e3 Bg7 5. d4 d6 6. d5 Ne5 7. Nxe5 Bxe5 8. e4 Bg7 9. Be2 Nf6 10. O-O O-O 11. f4 e6 12. Bf3 exd5 13. cxd5 Re8 14. Re1 Nd7 15. Be3 a6 16. a4 Rb8 17. a5 b5 18. axb6 Rxb6 19. Ra2 Rb4 20. Bf2 f5 21. exf5 gxf5 22. Qd2 Rxe1+ 23. Qxe1 Nf6 24. g3 h6 25. h3 Kh7 26. Qe2 Qe8 27. Qxe8 Nxe8 28. Kg2 Nf6 29. Be2 Ne4 30. Nxe4 fxe4 31. Bxa6 Bxa6 32. Rxa6 Rxb2 33. Kf1 Rb1+ 34. Kg2 c4 35. Rxd6 c3 36. Rc6 Rd1 37. Be3 Rxd5 38. Kf2 Ra5 39. Rc7 Ra2+ 40. Ke1 Kg8 41. Rc8+ Kh7 42. Rc7 Rg2 43. g4 c2 44. f5 Kg8 45. Rc8+ Kh7 46. Rc7 Rg3 47. Kf2 Rf3+ 48. Ke2 Kg8 49. Rc8+ Kf7 50. Rc7+ Ke8 51. Rc4 Rxh3 52. Rxe4+ Kf7 53. Rc4 Rh2+ 54. Kd3 Rg2 55. Rc7+ Kg8 56. Rc8+ Kh7 57. Rc7 Kg8 58. Rc8+ Bf8 59. Bxh6 c1=Q 60. Bxc1 Kf7 61. Rc7+ Ke8 62. g5 Bd6 63. Rc6 Kd7 64. Rc2 Rg4 65. Rf2 Be5 66. f6 Bd6 67. Be3 Ke6 68. Bd4 Kf7 69. Be3 Be5 70. Rf3 Bd6 71. Ke2 Rg2+ 72. Rf2 Rg4 73. Kf3 Rh4 74. Rc2 Rh3+ 75. Ke4 Ke6 76. Rc6 Rh4+ 77. Kf3 Kd5 78. Ra6 Be5 79. Ra5+ Ke6 80. f7 Bg7 81. g6 Rh3+ 82. Ke4 Rh4+ 83. Bf4 Bh6 84. Rf5 Bf8 85. Re5+ Kf6 86. Rf5+ Kxg6 87. Rg5+ Kxf7 88. Rf5+ Ke8 89. Re5+ Kd7 90. Rd5+ Kc6 91. Rf5 Be7 92. Re5 Bd6 93. Rf5 Kd7 94. Rf6 Be7 95. Rf5 Rh1 96. Rd5+ Ke6 97. Re5+ Kf7 98. Rf5+ Kg6 99. Rd5 Bf6 100. Kf3 Ra1 101. Ke4 Ra4+ 102. Kf3 Kf7 103. Kg4 Ke6 104. Rd6+ Kf7 105. Rd5 Bg7 106. Kf5 Ra7 107. Be5 Bf8 108. Bf6 Rb7 109. Be5 Be7 110. Bf4 Rb1 111. Ra5 Rb6 112. Kg4 Kg6 113. Rd5 Rb4 114. Re5 Bf6 115. Rd5 Rc4 116. Rb5 Bd8 117. Rd5 Bc7 118. Rf5 Bd6 119. Rg5+ Kf6 120. Rf5+ Ke6 121. Kg5 Rc1 122. Rf6+ Kd5 123. Rxd6+ Kc5 124. Rf6 Re1 125. Kf5 Re8 126. Be5 Kd5 127. Rd6+ Kc5 128. Rd1 Kc4 129. Ke4 Rg8 130. Rc1+ Kb3 131. Bd4 Rg4+ 132. Kd3 Rg3+ 133. Be3 Kb4 134. Rc6 Kb5 135. Rb6+ Ka5 136. Rb1 Ka6 137. Kd4 Rh3 138. Rb3 Rg3 139. Kc5 Rh3 140. Kc6 Rh5 141. Bd2 Ka7 142. Ra3+ Kb8 143. Bf4+ 1-0


[Site "https://www.chess.com"]

[Event "Titled Tuesday Blitz August 1 Early 2023"]
[White "Xu, Xiangyu"]
[Black "Kushko, Dmitriy"]
[WhiteFideId "8608288"]
[BlackFideId "14162261"]
[WhiteElo "2997"]
[BlackElo "2775"]
[Result "1-0"]
[Round "6"]
[TimeControl "180+1"]
[Date "2023.08.01"]
[WhiteClock "0:01:23"]
[BlackClock "0:00:03"]
[Board "14"]

1. d4 g6 2. e4 Bg7 3. c3 d6 4. Nf3 Nf6 5. Bd3 O-O 6. O-O Nc6 7. h3 e5 8. Re1 h6 9. Be3 g5 10. Nbd2 g4 11. hxg4 Nxg4 12. Nf1 Nxe3 13. Nxe3 exd4 14. cxd4 Nxd4 15. Nxd4 Bxd4 16. Bc2 Be5 17. Qd3 Qg5 18. g3 c6 19. Rad1 Be6 20. b3 Kh8 21. Ng2 Qg7 22. f4 Bc3 23. Re3 Ba5 24. f5 Bd7 25. Rf3 Qe5 26. Kf2 Bb6+ 27. Ke2 d5 28. Qd2 Qf6 29. Rh1 Kg7 30. Nf4 Qd6 31. Ne6+ fxe6 32. Qxh6+ Kf7 33. fxe6+ Ke7 34. Qg7+ Ke8 35. Rxf8+ 1-0


[Site "https://www.chess.com"]

[Event "Titled Tuesday Blitz August 1 Early 2023"]
[White "Megaranto, Susanto"]
[Black "Kobo, Ori"]
[WhiteFideId "7101384"]
[BlackFideId "2812320"]
[WhiteElo "2967"]
[BlackElo "2760"]
[Result "1-0"]
[Round "6"]
[TimeControl "180+1"]
[Date "2023.08.01"]
[WhiteClock "0:00:38"]
[BlackClock "0:00:00"]
[Board "15"]

1. d4 Nf6 2. Nf3 g6 3. c3 Bg7 4. Bf4 O-O 5. e3 d6 6. h3 Nbd7 7. Be2 Qe8 8. O-O e5 9. Bh2 b6 10. a4 a6 11. Na3 Bb7 12. Nc4 Ne4 13. Nfd2 Nxd2 14. Nxd2 f5 15. Bf3 e4 16. Be2 g5 17. Re1 Kh8 18. f3 Nf6 19. fxe4 Nxe4 20. Bf3 Qe7 21. Qc2 Rae8 22. Nxe4 Bxe4 23. Bxe4 Qxe4 24. Qxe4 Rxe4 25. Bg3 a5 26. Bf2 h6 27. Kf1 Kh7 28. Ke2 Kg6 29. Kd3 Rfe8 30. b4 Ra8 31. g4 d5 32. gxf5+ Kxf5 33. Bg3 Re7 34. b5 Rae8 35. Rac1 h5 36. c4 dxc4+ 37. Rxc4 g4 38. Rxc7 gxh3 39. Bd6 Rxc7 40. Bxc7 Bh6 41. e4+ Kg4 42. d5 Re7 43. d6 Rd7 44. e5 Bf4 45. Ke4 h2 46. Kd5 Kf3 47. e6 Rxc7 48. dxc7 Bxc7 49. e7 1-0


[Site "https://www.chess.com"]

[Event "Titled Tuesday Blitz August 1 Early 2023"]
[White "Aradhya, Garg"]
[Black "Hovhannisyan, Robert"]
[WhiteFideId "25006746"]
[BlackFideId "13302507"]
[WhiteElo "2761"]
[BlackElo "2963"]
[Result "0-1"]
[Round "6"]
[TimeControl "180+1"]
[Date "2023.08.01"]
[WhiteClock "0:01:02"]
[BlackClock "0:01:08"]
[Board "16"]

1. d4 d5 2. c4 c6 3. Nf3 Nf6 4. e3 Bg4 5. h3 Bh5 6. Nc3 e6 7. g4 Bg6 8. Ne5 Nbd7 9. Nxg6 hxg6 10. Bd2 Bb4 11. Bg2 dxc4 12. Qe2 Nb6 13. O-O-O Qe7 14. e4 O-O-O 15. e5 Nfd5 16. Ne4 f5 17. Bg5 Qc7 18. Bxd8 Rxd8 19. Nd6+ Bxd6 20. exd6 Qxd6 21. Qe5 Qxe5 22. dxe5 Nd7 23. Rhe1 Nc5 24. Bf1 b5 25. Rd4 Rf8 26. gxf5 Rxf5 27. Rg4 g5 28. h4 gxh4 29. Rxg7 Rxf2 30. Rxa7 Nf4 31. Kb1 h3 32. Rh7 h2 33. Bh3 Nxh3 34. Rxh3 Nd3 35. Rh1 Rxb2+ 36. Ka1 Kc7 37. R3xh2 Rxh2 38. Rxh2 Nxe5 39. a3 Kd6 40. Kb2 Nd3+ 41. Kc3 Nf4 42. Rd2+ Nd5+ 43. Kd4 c5+ 44. Ke4 c3 45. Rc2 b4 46. axb4 cxb4 47. Kd3 Kc5 48. Rf2 e5 49. Rf5 Nf4+ 50. Kc2 Kc4 51. Kd1 b3 52. Rxe5 c2+ 53. Kd2 c1=Q+ 54. Kxc1 Nd3+ 55. Kb1 Nxe5 56. Ka1 Kc3 57. Kb1 Nc4 58. Ka1 b2+ 59. Kb1 Nd2+ 60. Ka2 b1=Q+ 61. Ka3 Qa1# 0-1


[Site "https://www.chess.com"]

[Event "Titled Tuesday Blitz August 1 Early 2023"]
[White "Shimanov, Aleksandr"]
[Black "Starozhilov, Leonid"]
[WhiteFideId "4198603"]
[BlackFideId "14106752"]
[WhiteElo "2946"]
[BlackElo "2755"]
[Result "1-0"]
[Round "6"]
[TimeControl "180+1"]
[Date "2023.08.01"]
[WhiteClock "0:00:36"]
[BlackClock "0:00:01"]
[Board "17"]

1. e4 Nc6 2. Nc3 e6 3. g3 d5 4. Bg2 d4 5. Nce2 e5 6. d3 f6 7. f4 Be6 8. Nf3 Qd7 9. O-O h6 10. f5 Bf7 11. a3 a5 12. g4 Bc5 13. Ng3 Nge7 14. Kh1 Bb6 15. Bd2 Qd6 16. Qe1 a4 17. h4 Kd7 18. Qe2 Ba5 19. Bc1 b5 20. Nd2 Qc5 21. Qd1 b4 22. b3 bxa3 23. Bxa3 Bb4 24. Bxb4 Qxb4 25. bxa4 Rxa4 26. Rb1 Qc3 27. Ne2 Qc5 28. Nb3 Bxb3 29. Rxb3 Rha8 30. c4 Ra2 31. g5 hxg5 32. hxg5 Rb8 33. Rxb8 Nxb8 34. Ng3 fxg5 35. f6 gxf6 36. Rxf6 Rb2 37. Bh3+ Ke8 38. Qh5+ 1-0


[Site "https://www.chess.com"]

[Event "Titled Tuesday Blitz August 1 Early 2023"]
[White "Mikhailovsky, Vladimir"]
[Black "Movahed, Sina"]
[WhiteFideId "34105414"]
[BlackFideId "42520835"]
[WhiteElo "2752"]
[BlackElo "2945"]
[Result "0-1"]
[Round "6"]
[TimeControl "180+1"]
[Date "2023.08.01"]
[WhiteClock "0:00:00"]
[BlackClock "0:00:57"]
[Board "18"]

1. e4 c5 2. c3 Nf6 3. e5 Nd5 4. Nf3 d6 5. Bb5+ Bd7 6. Bc4 Nb6 7. Bxf7+ Kxf7 8. e6+ Kg8 9. exd7 Qxd7 10. d4 cxd4 11. cxd4 e6 12. O-O Nc6 13. Nc3 d5 14. Bf4 Bd6 15. Bxd6 Qxd6 16. Re1 Re8 17. Qe2 a6 18. Rad1 g6 19. h4 Kg7 20. h5 Rhf8 21. hxg6 hxg6 22. Rd3 Nd7 23. Qd2 Rh8 24. Ne2 Nf6 25. Ng3 Nh5 26. Ne5 Nxe5 27. Rxe5 Nf6 28. Rg5 Rh6 29. Re3 Qf4 30. Nf5+ exf5 31. Rxg6+ Kxg6 0-1


[Site "https://www.chess.com"]

[Event "Titled Tuesday Blitz August 1 Early 2023"]
[White "Zemlyanskii, Ivan"]
[Black "Xu, Yi"]
[WhiteFideId "24249971"]
[BlackFideId "8605564"]
[WhiteElo "2934"]
[BlackElo "2749"]
[Result "1-0"]
[Round "6"]
[TimeControl "180+1"]
[Date "2023.08.01"]
[WhiteClock "0:00:28"]
[BlackClock "0:00:00"]
[Board "19"]

1. d4 Nf6 2. c4 e6 3. Bf4 d5 4. cxd5 exd5 5. e3 Bf5 6. Nc3 c6 7. Nge2 Bd6 8. Ng3 Bg6 9. h4 h5 10. Bxd6 Qxd6 11. Be2 Nbd7 12. Bf3 O-O-O 13. Qa4 Kb8 14. O-O-O Nb6 15. Qb3 Nc4 16. Nge2 Rhe8 17. Nf4 Bh7 18. Be2 Ng4 19. Rdf1 Qh6 20. Bxc4 dxc4 21. Qxc4 c5 22. Qxc5 Rc8 23. Qxh5 Nxe3 24. Qxh6 gxh6 25. fxe3 Rxe3 26. Rf3 Re4 27. Rd1 Re7 28. d5 Re5 29. d6 Bf5 30. Nd3 1-0


[Site "https://www.chess.com"]